General information
			 
			
        
        - name: BNet
- type: Ladder team game (AT/RT)
- host: Battle.net
- saver: eG.waterfall
 map: TurtleRock
- players: 4
- length: 23:36
- speed: Fast
- version: 1.21 W3XP
- replay type:  Public
 » download(128 KB)
Players
        team 1 (loser) 
              
               Darth_Salif
Darth_Salif (
teal | 55 APM | 1292 actions | 23:29)
              
 5 Death Knight
 5 Death Knight  3
 3 Death Coil
 2
 2 Unholy Aura
                | Basic commands | 37 |  | 
| Build / train | 61 |  | 
| Enter build submenu | 16 |  | 
| Enter hero's abilities submenu | 5 |  | 
| Remove unit from queue | 1 |  | 
| Right click | 748 |  | 
| Select / deselect | 354 |  | 
| Use ability | 70 |  | 
                1292 total
 » units 
                
                | Acolyte | 2 |  | 
| Ghoul | 3 |  | 
| Crypt Fiend | 11 |  | 
| Necromancer | 7 |  | 
| Banshee | 9 |  | 
| Meatwagon | 3 |  | 
                35 total
 » upgrades
                
                | Web | 1 |  | 
| Necromancer Training | 2 |  | 
| Banshee Training | 2 |  | 
| Burrow | 1 |  | 
| Unholy Strength | 1 |  | 
                7 total
 » buildings
                
                | Graveyard | 1 |  | 
| Crypt | 1 |  | 
| Altar of Darkness | 1 |  | 
| Ziggurat | 7 |  | 
| Tomb of Relics | 1 |  | 
| Nerubian Tower | 1 |  | 
| Halls of the Dead | 2 |  | 
| Black Citadel | 1 |  | 
| Temple of the Damned | 2 |  | 
| Slaughterhouse | 1 |  | 
                18 total
 » build order
                00:11 Graveyard
00:19 Crypt
00:42 Altar of Darkness
00:49 Ziggurat
01:04 Tomb of Relics
01:23 Ziggurat
02:04 Nerubian Tower
02:38 Ziggurat
03:54 Halls of the Dead
03:54 Halls of the Dead
04:59 Ziggurat
06:16 Black Citadel
06:43 Temple of the Damned
07:15 Temple of the Damned
07:21 Ziggurat
10:17 Ziggurat
10:40 Ziggurat
17:06 Slaughterhouse
» items
                
                | Rod of Necromancy | 2 |  | 
| Dust of Appearance | 1 |  | 
                3 total
  
              
               keponcratie
keponcratie (
orange | 87 APM | 2040 actions | 23:34)
              
 4 Priestess of the Moon
 4 Priestess of the Moon  2
 2 Searing Arrows
 2
 2 Trueshot Aura
 3 Keeper of the Grove
 3 Keeper of the Grove  1
 1 Force of Nature
 1
 1 Thorns Aura
 1
 1 Entangling Roots
                | Assign group hotkey | 29 |  | 
| Build / train | 73 |  | 
| Enter build submenu | 16 |  | 
| Enter hero's abilities submenu | 7 |  | 
| Give item / drop item | 1 |  | 
| Remove unit from queue | 3 |  | 
| Right click | 964 |  | 
| Select / deselect | 488 |  | 
| Select group hotkey | 407 |  | 
| Use ability | 51 |  | 
                2040 total
 » units 
                
                | Wisp | 24 |  | 
| Huntress | 6 |  | 
| Druid of the Claw | 5 |  | 
| Dryad | 10 |  | 
| Mountain Giant | 1 |  | 
| Chimaera | 2 |  | 
                48 total
 » upgrades
                
                | Druid of the Claw Training | 2 |  | 
| Abolish Magic | 1 |  | 
| Corrosive Breath | 1 |  | 
| Hardened Skin | 1 |  | 
                5 total
 » buildings
                
                | Altar of Elders | 1 |  | 
| Moon Well | 5 |  | 
| Hunter's Hall | 1 |  | 
| Ancient of War | 1 |  | 
| Ancient Protector | 2 |  | 
| Tree of Ages | 1 |  | 
| Ancient of Lore | 2 |  | 
| Tree of Eternity | 1 |  | 
| Ancient of Wind | 1 |  | 
| Ancient of Wonders | 1 |  | 
| Chimaera Roost | 1 |  | 
                17 total
 » build order
                00:11 Altar of Elders
00:23 Moon Well
01:20 Hunter's Hall
01:45 Ancient of War
02:03 Moon Well
02:26 Ancient Protector
04:11 Tree of Ages
04:18 Ancient Protector
04:24 Moon Well
06:07 Moon Well
06:39 Ancient of Lore
06:41 Ancient of Lore
08:41 Tree of Eternity
12:43 Moon Well
16:35 Ancient of Wind
17:10 Ancient of Wonders
17:59 Chimaera Roost
» items
                
                | Rod of Necromancy | 1 |  | 
| Potion of Healing | 1 |  | 
| Dust of Appearance | 1 |  | 
| Tome of Retraining | 1 |  | 
                4 total
  team 2 (winner) 
              
               eG.waterfall
eG.waterfall (
blue | 79 APM | 1872 actions | 23:36)
              
 5 Blademaster
 5 Blademaster  3
 3 Wind Walk
 2
 2 Critical Strike
                | Assign group hotkey | 52 |  | 
| Basic commands | 3 |  | 
| Build / train | 56 |  | 
| Enter build submenu | 92 |  | 
| Enter hero's abilities submenu | 5 |  | 
| Give item / drop item | 6 |  | 
| Right click | 1140 |  | 
| Select / deselect | 282 |  | 
| Select group hotkey | 78 |  | 
| Use ability | 157 |  | 
                1872 total
 » units 
                » upgrades
                
                | Spiked Barricades | 2 |  | 
| Reinforced Defenses | 1 |  | 
                3 total
 » buildings
                
                | Altar of Storms | 1 |  | 
| Orc Burrow | 3 |  | 
| War Mill | 1 |  | 
| Watch Tower | 76 |  | 
| Voodoo Lounge | 1 |  | 
| Stronghold | 3 |  | 
| Fortress | 2 |  | 
| Great Hall | 2 |  | 
| Beastiary | 3 |  | 
                92 total
 » build order
                00:02 Altar of Storms
00:12 Orc Burrow
00:37 War Mill
01:49 Watch Tower
01:54 Watch Tower
01:58 Watch Tower
02:13 Orc Burrow
02:26 Watch Tower
02:51 Watch Tower
03:21 Watch Tower
04:06 Watch Tower
04:10 Watch Tower
04:23 Voodoo Lounge
04:27 Watch Tower
04:30 Watch Tower
04:38 Watch Tower
05:38 Watch Tower
05:39 Watch Tower
05:46 Watch Tower
05:51 Watch Tower
05:55 Watch Tower
05:59 Watch Tower
06:24 Watch Tower
06:48 Watch Tower
07:16 Watch Tower
07:31 Stronghold
07:32 Stronghold
08:05 Watch Tower
08:17 Watch Tower
08:19 Watch Tower
08:21 Watch Tower
08:27 Watch Tower
08:28 Watch Tower
09:23 Watch Tower
09:56 Watch Tower
10:00 Watch Tower
10:04 Watch Tower
10:08 Watch Tower
10:21 Fortress
10:21 Fortress
10:56 Watch Tower
11:00 Watch Tower
11:04 Watch Tower
11:13 Watch Tower
11:14 Watch Tower
11:25 Great Hall
11:26 Watch Tower
12:12 Watch Tower
12:14 Watch Tower
12:17 Watch Tower
12:18 Watch Tower
12:27 Watch Tower
12:43 Watch Tower
13:33 Watch Tower
13:36 Watch Tower
13:41 Watch Tower
13:45 Watch Tower
14:04 Watch Tower
15:02 Watch Tower
15:23 Watch Tower
15:37 Watch Tower
15:59 Watch Tower
16:16 Watch Tower
16:19 Watch Tower
16:56 Watch Tower
17:01 Watch Tower
17:25 Watch Tower
17:38 Watch Tower
17:39 Watch Tower
17:42 Watch Tower
17:43 Watch Tower
17:44 Watch Tower
18:19 Watch Tower
18:28 Watch Tower
19:39 Watch Tower
19:45 Watch Tower
19:48 Watch Tower
19:50 Watch Tower
20:13 Watch Tower
20:13 Watch Tower
20:15 Watch Tower
20:17 Watch Tower
20:18 Watch Tower
20:18 Watch Tower
20:19 Watch Tower
21:02 Watch Tower
21:19 Great Hall
21:47 Beastiary
21:48 Beastiary
21:50 Beastiary
21:55 Orc Burrow
» items
                
                | Healing Salve | 3 |  | 
| Lesser Clarity Potion | 3 |  | 
| Boots of Speed | 1 |  | 
| Scroll of Speed | 1 |  | 
| Orb of Lightning | 1 |  | 
| Potion of Healing | 2 |  | 
| Staff of Teleportation | 1 |  | 
| Scroll of Town Portal | 1 |  | 
| Potion of Mana | 1 |  | 
                14 total
  
              
               goodmanners
goodmanners (
yellow | 131 APM | 3099 actions | 23:35)
              
 5 Warden
 5 Warden  3
 3 Shadow Strike
 2
 2 Blink
 4 Keeper of the Grove
 4 Keeper of the Grove  2
 2 Force of Nature
 2
 2 Entangling Roots
                | Assign group hotkey | 234 |  | 
| Basic commands | 5 |  | 
| Build / train | 77 |  | 
| ESC pressed | 9 |  | 
| Enter build submenu | 15 |  | 
| Enter hero's abilities submenu | 10 |  | 
| Give item / drop item | 5 |  | 
| Remove unit from queue | 2 |  | 
| Right click | 1551 |  | 
| Select / deselect | 570 |  | 
| Select group hotkey | 507 |  | 
| Use ability | 113 |  | 
                3099 total
 » units 
                
                | Wisp | 29 |  | 
| Archer | 5 |  | 
| Huntress | 5 |  | 
| Dryad | 7 |  | 
                46 total
 » upgrades
                
                | Strength of the Wild | 1 |  | 
| Reinforced Hides | 1 |  | 
| Abolish Magic | 1 |  | 
                3 total
 » buildings
                
                | Altar of Elders | 1 |  | 
| Moon Well | 6 |  | 
| Ancient of War | 1 |  | 
| Tree of Ages | 1 |  | 
| Hunter's Hall | 1 |  | 
| Tree of Life | 3 |  | 
| Ancient of Lore | 1 |  | 
| Tree of Eternity | 1 |  | 
| Ancient of Wonders | 1 |  | 
                16 total
 » build order
                00:08 Altar of Elders
00:17 Moon Well
00:47 Ancient of War
01:41 Moon Well
02:09 Moon Well
03:17 Tree of Ages
03:53 Hunter's Hall
04:44 Moon Well
05:37 Tree of Life
06:42 Ancient of Lore
11:07 Tree of Eternity
12:17 Ancient of Wonders
12:22 Moon Well
12:24 Moon Well
12:43 Tree of Life
16:13 Tree of Life
» items
                
                | Scroll of Town Portal | 2 |  | 
| Staff of Teleportation | 1 |  | 
| Scroll of Healing | 1 |  | 
| Tiny Great Hall | 1 |  | 
| Healing Salve | 1 |  | 
                6 total
   Chat log
          
(17:03 / Allies) eG.waterfall: does curse reveal
(17:09 / Allies) goodmanners: dont think so
(17:18 / Allies) goodmanners: shade probably
(17:29 / Allies) eG.waterfall: lum